Map: Pillars of Gold LE

Players

DeathByToss

  • Race: Protoss Protoss
  • League: Master
  • Spawn Location: 1:00

CowboyDan - Winner!

  • Race: Terran Terran
  • League: Diamond
  • Spawn Location: 7:00

VOD

Have the link to the VOD?

Description

Time

  • Played on: Dec. 10, 2020, 2:24 p.m.
  • Length: 9:32
Show
View Real Time Build Order
Export as new Build Order

DeathByToss Protoss 

Build Orders:  

Get SALT Encoding   

  12  0:00  Probe  
  13  0:16  Probe  
  13  0:19  Pylon  
  14  0:32  Probe (Chrono Boost)  
  15  0:37  Gateway  
  16  0:44  Probe (Chrono Boost), Assimilator  
  16  0:50  Probe (Chrono Boost)  
  17  0:57  Assimilator  
  17  0:59  Probe  
  18  1:19  Probe  
  19  1:30  Cybernetics Core  
  19  1:38  Probe (Chrono Boost)  
  20  1:43  Pylon  
  21  1:47  Probe (Chrono Boost)  
  21  1:52  Probe (Chrono Boost)  
  22  2:09  Robotics Facility  
  22  2:18  Warp Gate (Chrono Boost)  
  22  2:22  Adept, Gateway  
  24  2:24  Probe  
  25  2:44  Shield Battery  
  24  3:03  Immortal (Chrono Boost)  
  28  3:14  Pylon  
  28  3:27  Pylon, Gateway  
  28  3:34  Shield Battery  
  28  3:44  Immortal (Chrono Boost)  
  32  3:56  Shield Battery  
  32  4:05  Pylon  
  32  4:20  Immortal (Chrono Boost)  
  36  4:25  Shield Battery  
  36  4:38  Probe  
  36  4:43  Adept x2  
  36  4:44  Adept  
  44  4:52  Observer  
  44  4:57  Pylon  
  44  5:14  Adept  
  43  5:28  Adept  
  43  5:29  Adept  
  43  5:31  Immortal  
  47  5:40  Adept  
  42  5:49  Sentry  
  34  6:16  Stalker  
  30  7:09  Probe (Chrono Boost)  
  31  7:19  Probe (Chrono Boost)  
  30  7:33  Twilight Council  
  30  7:37  Sentry  
  30  7:39  Probe (Chrono Boost)  
  33  7:48  Probe (Chrono Boost)  
  34  7:52  Stalker  
  36  8:01  Stalker  
  38  8:15  Warp Prism (Chrono Boost)  
  40  8:30  Stalker  
  42  8:39  Probe (Chrono Boost)  
  44  8:48  Probe (Chrono Boost)  
  44  9:12  Adept  
Show
View Real Time Build Order
Export as new Build Order

CowboyDan Terran - Winner!

Build Orders: Reaper Expand 

Get SALT Encoding   

  12  0:00  SCV  
  13  0:12  SCV  
  14  0:22  Supply Depot  
  14  0:24  SCV  
  15  0:44  SCV  
  15  0:45  Barracks  
  16  0:52  Refinery  
  16  0:56  SCV  
  17  1:08  SCV  
  18  1:20  SCV  
  19  1:32  Orbital Command  
  19  1:43  Engineering Bay  
  19  1:45  Reaper  
  20  1:59  Command Center  
  20  2:10  SCV  
  20  2:11  Refinery  
  21  2:18  Supply Depot  
  21  2:22  SCV  
  22  2:34  Factory, Barracks Reactor  
  22  2:37  SCV  
  23  2:49  SCV  
  23  2:59  Engineering Bay  
  23  3:01  SCV  
  23  3:05  Bunker  
  24  3:10  Marine x2  
  26  3:14  SCV  
  27  3:20  Orbital Command  
  27  3:24  Factory Tech Lab  
  27  3:32  Starport  
  27  3:37  Missile Turret  
  27  3:40  SCV  
  28  3:52  SCV  
  29  3:57  Marine x2  
  29  3:59  Siege Tank  
  34  4:10  Liberator  
  37  4:19  Marine x2  
  39  4:26  Barracks  
  39  4:31  Siege Tank  
  42  4:44  Marine  
  42  4:45  Marine  
  44  4:46  SCV x2  
  46  5:06  Supply Depot x2  
  46  5:27  Marine x3, SCV x2, Liberator  
  53  5:42  Siege Tank  
  51  5:45  Marine  
  51  5:46  Marine x2  
  42  6:03  Marine  
  42  6:04  Marine x2  
  42  6:10  Liberator  
  46  6:20  Marine  
  46  6:22  Marine  
  46  6:25  Barracks Tech Lab  
  48  6:30  Siege Tank, Orbital Command  
  51  6:38  Marine  
  52  6:40  Marine  
  53  6:48  Marine  
  53  6:53  Liberator  
  57  6:56  Marine  
  57  6:58  Marine  
  57  6:59  Stimpack  
  56  7:01  SCV x2  
  56  7:05  Marine  
  59  7:09  Supply Depot x2  
  59  7:13  SCV x2  
  59  7:14  Marine  
  62  7:30  Marine x2, SCV x2  
  62  7:32  Marine, Supply Depot  
  62  7:34  Supply Depot  
  62  7:36  Siege Tank  
  70  7:38  Medivac  
  70  7:42  SCV x2  
  74  7:48  Marine x2  
  74  7:49  Marine  
  77  7:54  SCV  
  77  7:55  SCV  
  79  8:07  Marine x3  
  79  8:08  Siege Tank  
  85  8:16  SCV x2  
  87  8:28  SCV x2  
  87  8:30  Starport Reactor  
  87  8:31  Marauder, Marine x2  
  93  8:36  Barracks  
  93  8:37  Barracks  
  93  8:40  SCV  
  94  8:43  Supply Depot  
  94  8:44  Supply Depot  
  94  8:45  Supply Depot  
  94  9:04  Marine x3  
  94  9:05  SCV x2  
Tags
 
Add a new tag
Caveats
  • Supply blocks, unpowered buildings, or Contaminate may cause inaccurate times.
  • Supply counts are checked every 10 seconds.